 Dungeon Crawl Stone Soup version 0.31.0-11-ge490571c62 (webtiles) character file.

Game seed: 9800305097437945167

395 sanka the Ruffian (level 6, -23/61 HPs)
             Began as a Troll Monk on Feb 2, 2024.
             Was a Believer of Okawaru.
             Annihilated by an ogre
             ... wielding a +0 giant spiked club
              (25 damage)
             ... on level 5 of the Dungeon.
             The game lasted 00:03:39 (3107 turns).

sanka the Ruffian (Troll Monk)                      Turns: 3107, Time: 00:03:40

Health: -23/61     AC:  4    Str: 20    XL:     6   Next: 52%
Magic:  0/6        EV: 10    Int:  6    God:    Okawaru [**....]
Gold:   324        SH:  8    Dex: 14    Spells: 5/5 levels left

rFire   . .          .
                       - Unarmed
rCold   . . .        c - orb {light}
rNeg    . . .        a - +0 robe
rPois   .            (helmet restricted)
rElec   .            (no cloak)
rCorr   .            (gloves unavailable)
SInv    .            (boots unavailable)
Will    .....        v - brooch of Shielding {Spirit SH+8}
Stlth   +            (no ring)
HPRegen 1.10/turn    (no ring)
MPRegen 0.10/turn

%: guardian spirit
@: glowing
A: large, unfitting armour, claws 3, regeneration 1, shaggy fur 1, tough skin 1
a: Renounce Religion, Heroism


You were on level 5 of the Dungeon.
You worshipped Okawaru.
Okawaru was pleased with you.
You visited 1 branch of the dungeon, and saw 5 of its levels.

You collected 324 gold pieces.


Innate Abilities, Weirdness & Mutations

You are too large for most types of armour.
You have claws for hands.
Your natural rate of healing is unusually fast.
You are covered in fur. (AC +1)
You have tough skin. (AC +1)


   Skills:
 - Level 3.0 Fighting
 - Level 2.4 Dodging
 * Level 6.7 Unarmed Combat
 + Level 1.8 Invocations


You had 5 spell levels left.
You didn't know any spells.
Your spell library contained the following spells:

 Spells                   Type           Power      Damage    Failure   Level
 Freeze                   Ice            0%         1d3       45%         1
 Frozen Ramparts          Ice            0%         1d1       83%         3
 Hailstorm                Conj/Ice       0%         3d5       83%         3

Inventory:

Armour
 a - a +0 robe (worn)
 c - an orb of light (worn)
 d - a +0 tower shield
Magical Staves
 o - a staff of death
Jewellery
 v - the brooch of Shielding (around neck) {Spirit SH+8}

   [amulet of guardian spirit]

   Spirit:    It causes incoming damage to be divided between your reserves of
   health and magic.
   SH+8:      It affects your SH (+8).
Talismans
 j - a beast talisman
 x - a blade talisman
Scrolls
 e - 2 scrolls of noise {unknown}
 k - 3 scrolls of poison {unknown}
 l - a scroll of amnesia {unknown}
 m - 3 scrolls of blinking {unknown}
 n - a scroll of immolation {unknown}
 p - 4 scrolls of identify {unknown}
 q - a scroll of torment {unknown}
 t - 3 scrolls of enchant armour {unknown}
 u - a scroll of vulnerability {unknown}
Potions
 b - a potion of ambrosia
 f - a potion of degeneration {unknown}
 g - 3 potions of lignification {unknown}
 h - 2 potions of enlightenment {unknown}
 i - a potion of might {unknown}
 r - 3 potions of brilliance {unknown}
 s - a potion of berserk rage {unknown}
 w - a potion of haste {unknown}
 z - a potion of experience {unknown}

Dungeon Overview and Level Annotations

Branches:
Dungeon (5/15)
 Temple: D:4-7

Altars:
Okawaru
Qazlal
Sif Muna

...▒▒▒..▒▒.....
...........▒
....▒▒▒▒B▒.▒ .▒
▒.▒.▒ ▒†▒.▒
▒.▒.▒
▒h▒.▒▒▒.▒.
▒.O.......
▒▒T▒▒▒▒.▒
.▒▒▒▒▒▒W▒▒
.l.....#.▒
▒▒▒▒▒▒▒........
.$(.h..Y.
▒▒.▒▒▒▒.▒▒ ...
▒ ▒▒▒


You could see an ogre, a phantom, a bombardier beetle and 2 hounds.


Message History

You closely miss the adder.
You feel sick. The adder bites you but does no damage.
Unknown command.
You mangle the adder!!
You kill the adder!
Okawaru accepts your kill.
You feel sick.
Unknown command.
You feel sick.
You feel sick. The phantom attacks as it pursues you!
The phantom barely misses you.
You feel sick. The phantom attacks as it pursues you!
The phantom barely misses you.
A hound and an iguana come into view.
You feel sick.
The hound barks!
The iguana hisses angrily.
An ice beast comes into view.
You feel sick.
You are no longer poisoned.
The phantom attacks as it pursues you! The phantom hits you.
* * * LOW HITPOINT WARNING * * *
The phantom blinks!
You blink.
The ogre hits you with a +0 giant spiked club!!
You die...

Action                     |  1- 3 |  4- 6 || total
---------------------------+-------+-------++-------
  Melee: Unarmed           |    60 |   116 ||   176
 Armour: Robe              |    30 |    91 ||   121
  Dodge: Dodged            |    26 |    66 ||    92

Levels and vault maps discovered:
D:1:      lightli_arrival_farm, layout_basic, minmay_tromino_v2
D:2:      layout_basic, minmay_increasing_density, uniq_terence, uniq_robin
D:3:      layout_basic, mainiacjoe_overflow_boulevard,
          mainiacjoe_overflow_six_doors_small,
          shapermc_ecumenical_altar_totnotflames, nicolae_grassy_gnolls
D:4:      layout_loops_ring, mainiacjoe_overflow_alcove_2,
          hangedman_abyss_or_decor_stabs
D:5:      layout_loops_ring, minmay_temple_entry_glassed_door

Notes
Turn   | Place    | Note
-------+----------+-------------------------------------------
     0 | D:1      | sanka the Troll Monk began the quest for the Orb.
     0 | D:1      | Reached XP level 1. HP: 22/22 MP: 0/0
   278 | D:1      | Reached XP level 2. HP: 26/29 MP: 1/1
   401 | D:1      | Reached skill level 3 in Fighting
   405 | D:1      | Reached XP level 3. HP: 37/37 MP: 2/2
   893 | D:2      | Reached skill level 4 in Unarmed Combat
   925 | D:2      | Noticed Terence
   930 | D:2      | Killed Terence
   931 | D:2      | Reached XP level 4. HP: 40/45 MP: 3/3
  1012 | D:2      | Noticed Robin
  1030 | D:2      | Killed Robin
  1031 | D:2      | Reached skill level 5 in Unarmed Combat
  1224 | D:2      | Reached XP level 5. HP: 53/53 MP: 4/4
  1617 | D:3      | Found an iron altar of Okawaru.
  1690 | D:3      | Became a worshipper of Warmaster Okawaru
  1690 | D:3      | Reached * piety under Okawaru
  1690 | D:3      | Reached ** piety under Okawaru
  1840 | D:3      | Reached skill level 6 in Unarmed Combat
  1940 | D:3      | Found a faded altar of an unknown god.
  1975 | D:3      | Found the brooch of Shielding {Spirit SH+8}
  1983 | D:3      | Identified the +3 quarterstaff "Oroytuz" {venom, rN+ Str+2
                  | Int+3 Dex+3}
  2247 | D:3      | Found a stormy altar of Qazlal.
  2523 | D:4      | Reached skill level 1 in Invocations
  2523 | D:4      | Reached XP level 6. HP: 56/61 MP: 3/5
  3037 | D:4      | Found a shimmering blue altar of Sif Muna.
  3088 | D:5      | Entered Level 5 of the Dungeon
  3100 | D:5      | HP: 5/61 [adder (3)]
  3105 | D:5      | HP: 5/61 [poisoned by an adder]
  3107 | D:5      | Noticed an ice beast
  3107 | D:5      | HP: 2/61 [phantom (3)]
  3107 | D:5      | Annihilated by an ogre

Vanquished Creatures
  A scorpion (D:4)
  An orc priest (D:4)
  A jelly (D:4)
  Terence (D:2)
  An orc wizard (D:4)
  Robin (D:2)
  6 adders
  8 gnolls
  2 dart slugs
  An orc (D:4)
  5 ball pythons
  6 bats
  7 endoplasms
  15 goblins
  15 hobgoblins
  A jackal (D:2)
  4 kobolds
  A quokka (D:4)
  6 frilled lizards
  2 rats (D:3)
85 creatures vanquished.
